 Dungeon Crawl Stone Soup version 0.25.0-11-g1f837a76a1 (webtiles) character file.

Game seed: 4285101056557928182

707 nikku the Skirmisher (level 7, -2/66 HPs)
             Began as a Minotaur Berserker on June 27, 2020.
             Was a Believer of Trog.
             Slain by a killer bee (4 damage)
             ... on level 5 of the Dungeon.
             The game lasted 00:08:03 (4463 turns).

nikku the Skirmisher (Minotaur Berserker)           Turns: 4463, Time: 00:08:04

Health: -2/66      AC:  6    Str: 23    XL:     7   Next: 40%
Magic:  6/6        EV: 11    Int:  4    God:    Trog [**....]
Gold:   295        SH:  0    Dex: 10    Spells: 6/6 levels left

rFire    . . .     SeeInvis .   a - +1 hand axe
rCold    . . .     Gourm    .   (no shield)
rNeg     . . .     Faith    .   k - +0 ring mail
rPois    .         Spirit   .   (helmet restricted)
rElec    .         Reflect  .   (no cloak)
rCorr    .         Harm     .   (no gloves)
MR       .....                  (no boots)
Stlth    ..........             (no amulet)
HPRegen  0.21/turn              (no ring)
MPRegen  0.10/turn              (no ring)

@: lethally poisoned (-2 -> -5), berserk cooldown, slowed, very slow
A: retaliatory headbutt, horns 2
a: Berserk, Trog's Hand, Renounce Religion


You were on level 5 of the Dungeon.
You worshipped Trog.
Trog was pleased with you.
You were near starving.

You visited 1 branch of the dungeon, and saw 5 of its levels.

You collected 295 gold pieces.

Inventory:

Hand Weapons
 a - a +1 hand axe (weapon)
Missiles
 e - 31 poisoned darts
 h - 10 javelins (quivered)
Armour
 k - a +0 ring mail (worn)
 l - a +0 chain mail
Scrolls
 f - a scroll of fog
 m - a scroll of remove curse
 p - a scroll of fear
Potions
 g - 2 potions of curing
 i - a potion of invisibility {unknown}
 n - a potion of resistance {unknown}
 o - a potion of lignification {unknown}
Comestibles
 c - 9 rations


   Skills:
 * Level 7.2 Fighting
 * Level 7.1 Axes
 + Level 4.9 Armour
 - Level 2.1 Dodging


You had 6 spell levels left.
You didn't know any spells.
Your spell library was empty.

Dungeon Overview and Level Annotations

Branches:
Dungeon (5/15)
 Temple: D:4-7

Altars:


Innate Abilities, Weirdness & Mutations

You reflexively headbutt those who attack you in melee.
You have a pair of horns on your head.


Message History

You feel better.
The killer bee stings you but does no damage.
The killer bee misses you. You furiously retaliate!
You headbutt the killer bee!
The killer bee stings you but does no damage.
You miss the killer bee. Your headbutt misses the killer bee.
The killer bee is heavily wounded.
The killer bee stings you.
* * * LOW HITPOINT WARNING * * *
You are lethally poisoned!
The killer bee poisons you! The killer bee barely misses you.
The killer bee closely misses you.
The howler monkey hoots and howls with incredible vigour!
You closely miss the killer bee.
The killer bee is heavily wounded.
* * * LOW HITPOINT WARNING * * *
You feel sick. The killer bee stings you.
* * * LOW HITPOINT WARNING * * *
The killer bee stings you.
You die...

#.#
#.......#
#.#
#......##
#.#
#.....<#
#.
######.#
#.# #.#
#.# #.#
#@# #y#
#h#
#.....#
#.###.#
..# #.#
..# ..#


You could see a howler monkey (catching breath) and a killer bee.

Vanquished Creatures
  4 killer bees (D:5)
  A hound (D:3)
  A jelly (D:5)
  An orc priest (D:4)
  4 orc wizards
  An iguana (D:4)
  3 worker ants
  A howler monkey skeleton (D:3)
  13 adders
  2 oozes
  An adder skeleton (D:4)
  2 worms (D:3)
  3 dart slugs
  7 leopard geckos
  10 orcs
  A ball python (D:1)
  A giant cockroach (D:2)
  3 goblins
  5 hobgoblins
  3 quokkas
  8 bats
  2 frilled lizards
  10 kobolds
  6 rats
93 creatures vanquished.

Vanquished Creatures (others)
  A plant (D:2)
1 creature vanquished.

Grand Total: 94 creatures vanquished

Notes
Turn   | Place    | Note
-------+----------+-------------------------------------------
     0 | D:1      | nikku the Minotaur Berserker began the quest for the Orb.
     0 | D:1      | Reached XP level 1. HP: 19/19 MP: 0/0
   395 | D:1      | Reached XP level 2. HP: 13/27 MP: 1/1
  1370 | D:2      | Reached XP level 3. HP: 33/33 MP: 2/2
  1551 | D:2      | Reached XP level 4. HP: 20/41 MP: 3/3
  1886 | D:2      | Reached ** piety under Trog
  2034 | D:2      | Reached skill level 5 in Fighting
  2034 | D:2      | Reached skill level 5 in Axes
  2672 | D:3      | Reached XP level 5. HP: 36/48 MP: 4/4
  3483 | D:4      | Reached XP level 6. HP: 57/57 MP: 5/5
  3668 | D:4      | You fall into a shaft and drop 1 floor!
  3668 | D:5      | Entered Level 5 of the Dungeon
  4168 | D:4      | Reached XP level 7. HP: 58/64 MP: 6/6
  4463 | D:5      | HP: 3/66 [poisoned by a killer bee]
  4463 | D:5      | Slain by a killer bee

Illustrated notes

Levels and vault maps discovered:
D:1:      nzn_arrival_water_spiral, layout_loops_corners
D:2:      layout_loops_ring, lexackson_kobold_supper
D:3:      layout_basic, minivault_25, minmay_tree_intersection
D:4:      layout_gridville, first_ration, kennysheep_decorative_pillar
D:5:      layout_basic, grunt_dithmenos_smoke, serial_shops, shop,
          minmay_crystal_room

Skill      XL: |  1  2  3  4  5  6  7 |
---------------+----------------------+-----
Fighting       | 4 5 6 7 |  7.2
Axes           | 4 5 6 7 |  7.1
Armour         | 3 4 |  4.9
Dodging        | |  2.1

Action                   |  1- 3 |  4- 6 |  7- 9 || total
-------------------------+-------+-------+-------++-------
Melee: Hand axe          |    72 |   154 |    23 ||   249
       Headbutt          |     6 |    25 |     3 ||    34
Invok: Trog's Hand       |       |     3 |     1 ||     4
       Berserk           |       |     2 |     1 ||     3
  Use: Scroll            |     2 |     8 |     3 ||    13
       Potion            |       |       |     1 ||     1
  Eat: Chunk             |     2 |    11 |     1 ||    14
Armor: Animal skin       |     4 |       |       ||     4
       Ring mail         |     6 |    43 |     9 ||    58
Dodge: Dodged            |    60 |    82 |    22 ||   164
